 Dungeon Crawl Stone Soup version 0.28-a0-203-gf40de95187 (webtiles) character file.

Game seed: 4967981485444180076

496 papapa55 the Cudgeller (level 6, -2/57 HPs)
             Began as a Minotaur Berserker on Aug 20, 2021.
             Was a Priest of Trog.
             Slain by an ogre (27 damage)
             ... on level 5 of the Dungeon.
             The game lasted 00:18:55 (4745 turns).

papapa55 the Cudgeller (Minotaur Berserker)         Turns: 4745, Time: 00:18:56

Health: -2/57      AC: 12    Str: 23    XL:     6   Next: 93%
Magic:  5/5        EV:  7    Int:  4    God:    Trog [***...]
Gold:   160        SH:  0    Dex: 10    Spells: 5/5 levels left

rFire   . . .      SeeInvis .   n - +0 morningstar
rCold   . . .      Faith    .   (no shield)
rNeg    . . .      Spirit   .   m - +0 plate armour
rPois   .          Reflect  .   (helmet restricted)
rElec   .          Harm     .   (no cloak)
rCorr   .          Rampage  .   (no gloves)
Will    ++...                   (no boots)
Stlth   ..........              (no amulet)
HPRegen 1.19/turn               (no ring)
MPRegen 0.09/turn               (no ring)

@: strong-willed, regenerating
A: horns 2, retaliatory headbutt
a: Renounce Religion, Berserk, Trog's Hand


You were on level 5 of the Dungeon.
You worshipped Trog.
Trog was most pleased with you.
You visited 1 branch of the dungeon, and saw 5 of its levels.

You collected 160 gold pieces.

Inventory:

Hand Weapons
 a - a +0 mace
 h - a +3 dagger of protection
 n - a +0 morningstar (weapon)
Armour
 m - a +0 plate armour (worn)
Jewellery
 j - a ring of poison resistance
 k - an amulet of guardian spirit
Scrolls
 c - a scroll of amnesia {unknown}
 d - a scroll of immolation {unknown}
 f - a scroll of teleportation {unknown}
 l - a scroll of fog {unknown}
 p - a scroll of enchant weapon {unknown}
 q - a scroll of identify {unknown}
Potions
 b - a potion of degeneration {unknown}
 e - 3 potions of curing {unknown}
 g - a potion of heal wounds {unknown}
 i - 2 potions of lignification {unknown}
 o - a potion of attraction {unknown}


   Skills:
 + Level 5.8 Fighting
 + Level 6.2 Maces & Flails
 * Level 5.2 Armour
 - Level 3.2 Dodging


You had 5 spell levels left.
You didn't know any spells.
Your spell library contained the following spells:

 Spells                   Type           Power      Damage    Failure   Level
 Summon Small Mammal      Summ           0%         N/A       100%        1
 Call Canine Familiar     Summ           0%         N/A       100%        3
 Summon Guardian Golem    Hex/Summ       0%         N/A       100%        3


Dungeon Overview and Level Annotations

Branches:
Dungeon (5/15)             Temple (0/1) D:5

Altars:
Elyvilon
Kikubaaqudgha

Annotations:
D:3 3 runed translucent doors, Arne's ghost, amateur TeAE


Innate Abilities, Weirdness & Mutations

You have a pair of horns on your head.
You reflexively headbutt those who attack you in melee.


Message History

The jackal bites you but does no damage.
The water moccasin zombie bites you but does no damage.
Your plate armour prevents you from hitting the water moccasin zombie.
Your headbutt misses the water moccasin zombie.
The water moccasin zombie is heavily damaged.
The jackal bites you but does no damage.
The water moccasin zombie bites you but does no damage.
The jackal bites you but does no damage.
You puncture the water moccasin zombie!
You destroy the water moccasin zombie!
Trog accepts your kill. The jackal closely misses you. You furiously retaliate!
You headbutt the jackal!
You kill the jackal!
Trog accepts your kill.
Unknown command.
You start resting.
You hear the slow hiss of a very distant avalanche of sand.
You see here a +0 cloak.
Found a rapier.
Found 12 stones.
Found a staircase to the Ecumenical Temple.
Found a whip.
Found 20 bolts.
Press: ? - help, v - describe, . - travel A staircase to the Ecumenical Temple.
You see here 20 bolts.
You see here a +0 rapier.
You hear the slow hiss of a very distant avalanche of sand.
Found 23 stones.
You see here 23 stones.
An ogre comes into view. It is wielding a +0 giant club.
The ogre hits you with a +0 giant club!!
Your plate armour prevents you from hitting the ogre.
You hear the hiss of an avalanche of sand nearby.
The ogre hits you with a +0 giant club!
Your skin crawls.
You feel strong-willed.
The ogre hits you with a +0 giant club!!
You die...

# .#
###.#
#@O.#
#.###
#.#
#.#
#.#
..
#.#
.#
#.#
.#
#.#
.#
#.#


You could see an ogre.

Vanquished Creatures
  A water moccasin zombie (D:5)
  A gnoll shaman (D:4)
  A hound (D:4)
  An orc priest (D:3)
  4 orc wizards (D:3)
  5 gnolls (D:4)
  A howler monkey skeleton (D:4)
  7 adders
  2 adder skeletons
  A worm (D:2)
  2 dart slugs
  9 orcs
  10 ball pythons
  6 bats
  10 endoplasms
  A giant cockroach (D:1)
  9 goblins
  3 hobgoblins
  19 jackals
  7 kobolds
  4 quokkas
  3 frilled lizards
  6 rats
113 creatures vanquished.

Vanquished Creatures (others)
  6 withered plants (D:1)
6 creatures vanquished.

Grand Total: 119 creatures vanquished

Notes
Turn   | Place    | Note
-------+----------+-------------------------------------------
     0 | D:1      | papapa55 the Minotaur Berserker began the quest for the
                  | Orb.
     0 | D:1      | Reached XP level 1. HP: 19/19 MP: 0/0
    82 | D:1      | Reached skill level 4 in Maces & Flails
   243 | D:1      | Reached XP level 2. HP: 27/27 MP: 1/1
   494 | D:1      | Reached XP level 3. HP: 28/33 MP: 2/2
   695 | D:1      | Reached ** piety under Trog
   801 | D:1      | Found a faded altar of an unknown god.
  1490 | D:2      | Reached XP level 4. HP: 40/41 MP: 3/3
  2329 | D:3      | Reached skill level 5 in Maces & Flails
  2435 | D:3      | Reached XP level 5. HP: 47/47 MP: 4/4
  2436 | D:3      | Reached skill level 5 in Fighting
  2574 | D:3      | Found a runed translucent gate.
  2576 | D:3      | Found a runed translucent gate.
  2576 | D:3      | Found a runed translucent gate.
  2578 | D:3      | Noticed Arne's ghost (amateur TeAE)
  2777 | D:3      | Reached XP level 6. HP: 38/56 MP: 5/5
  2847 | D:3      | Reached *** piety under Trog
  2944 | D:3      | Found a white marble altar of Elyvilon.
  3853 | D:4      | Found an ancient bone altar of Kikubaaqudgha.
  4051 | D:4      | Reached skill level 6 in Maces & Flails
  4051 | D:4      | Reached skill level 5 in Armour
  4544 | D:5      | Entered Level 5 of the Dungeon
  4669 | D:5      | Found a staircase to the Ecumenical Temple.
  4745 | D:5      | Slain by an ogre

Illustrated notes

Levels and vault maps discovered:
D:1:      nzn_arrival_settlement, layout_basic,
          ebering_ecumenical_altar_petrified
D:2:      minmay_door_path, layout_loops_corners, minmay_crystal_room,
          grunt_decor_mini_mirrors, hex_large
D:3:      layout_basic, general_overflow_altar, biasface_ghost_orc_armoury,
          kennysheep_another_room, minmay_strange_pillars
D:4:      layout_loops_cross, lemuel_round_altar, chequers_serial_rivers_small_b
D:5:      layout_loops_ring, minmay_temple_entry_drinking_statues,
          enter_ossuary_1, uniq_grinder

Skill      XL: |  1  2  3  4  5  6 |
---------------+-------------------+-----
Maces & Flails | 4 5 6 |  6.2
Armour         | 3 4 5 |  5.2
Fighting       | 4 5 |  5.8
Dodging        | 3 |  3.2

Action                   |  1- 3 |  4- 6 || total
-------------------------+-------+-------++-------
Melee: Mace              |    99 |    78 ||   177
       Headbutt          |    24 |    30 ||    54
       Morningstar       |       |    88 ||    88
Invok: Berserk           |       |     2 ||     2
       Trog's Hand       |       |     1 ||     1
Armor: Animal skin       |     3 |       ||     3
       Ring mail         |    21 |       ||    21
       Scale mail        |    16 |       ||    16
       Plate armour      |       |   122 ||   122
Dodge: Dodged            |    66 |    71 ||   137

Table legend: (Time is in decaauts)
 A = Elapsed time spent in this place.
 B = Non-inter-level travel time spent in this place.
 C = Inter-level travel time spent in this place.
 D = Time resting spent in this place.
 E = Time spent auto-exploring this place.
 F = Levels seen in this place.
 G = Mean time per level.
                   A        B        C        D        E       F      G
               +--------+--------+--------+--------+--------+-----+--------+
         Total |   4813 |   4779 |     34 |   1091 |   1287 |   5 |  962.6 |
       Dungeon |   4813 |   4779 |     34 |   1091 |   1287 |   5 |  962.6 |
               +--------+--------+--------+--------+--------+-----+--------+

Top non-repeatable levels by time:
     D:2: 1237 daAuts
     D:4: 1233 daAuts
     D:1: 1101 daAuts
     D:3: 1037 daAuts
     D:5: 203 daAuts
